 Dungeon Crawl Stone Soup version 0.27-a0-1196-g3e9cee4cb2 (webtiles) character file.

Game seed: 7348461840088436137

140 Glokmah the Caller (level 5, -1/30 HPs)
             Began as a Tengu Summoner on May 28, 2021.
             Was a Believer of Jiyva.
             Slain by Edmund
             ... wielding a +0 dire flail of protection
              (11 damage)
             ... on level 4 of the Dungeon.
             The game lasted 00:07:12 (3560 turns).

Glokmah the Caller (Tengu Summoner)                 Turns: 3560, Time: 00:07:13

Health: -1/30      AC:  2    Str:  8    XL:     5   Next: 22%
Magic:  0/10       EV: 15    Int: 22    God:    Jiyva [**....]
Gold:   90         SH:  0    Dex: 21    Spells: 4/9 levels left

rFire    . . .     SeeInvis .   a - +0 rapier (flame)
rCold    . . .     Faith    .   (no shield)
rNeg     . . .     Spirit   .   f - +0 robe
rPois    .         Reflect  .   (helmet restricted)
rElec    .         Harm     .   (no cloak)
rCorr    .         Rampage  .   (no gloves)
Will     .....                  (boots unavailable)
Stlth    ++........             (no amulet)
HPRegen  0.10/turn              h - +6 ring of intelligence
MPRegen  0.12/turn              i - +6 ring of dexterity

@: flying quickly and evasively, quick
A: beak, talons 3, nimble flight
a: Renounce Religion, Request Jelly


You were on level 4 of the Dungeon.
You worshipped Jiyva.
Jiyva was pleased with you.
You visited 1 branch of the dungeon, and saw 4 of its levels.

You collected 90 gold pieces.

Inventory:

Hand Weapons
 a - a +0 rapier of flaming (weapon)
 n - a +3 short sword
Armour
 f - a +0 robe (worn)
Jewellery
 h - a +6 ring of intelligence (left hand)
 i - a +6 ring of dexterity (right hand)
Wands
 k - a wand of iceblast (10)
Scrolls
 c - 2 scrolls of teleportation {unknown}
 d - a scroll of immolation {unknown}
 e - a scroll of blinking {unknown}
 g - a scroll of brand weapon {unknown}
 l - a scroll of noise {unknown}
 m - a scroll of enchant weapon {unknown}


   Skills:
 + Level 1.7 Fighting
 - Level 2.1 Dodging
 - Level 2.0 Stealth
 + Level 2.6 Spellcasting
 * Level 2.8 Conjurations
 * Level 6.1 Summonings


You had 4 spell levels left.
You knew the following spells:

 Your Spells              Type           Power      Damage    Failure   Level
a - Searing Ray           Conj           30%        3d4       6%          2
b - Call Imp              Summ           29%        N/A       1%          2
c - Summon Small Mammal   Summ           100%       N/A       1%          1

Your spell library contained the following spells:

 Spells                   Type           Power      Damage    Failure   Level
 Call Canine Familiar     Summ           29%        N/A       3%          3
 Magic Dart               Conj           60%        1d6       4%          1
 Summon Guardian Golem    Hex/Summ       16%        N/A       11%         3
 Animate Skeleton         Necr           4%         N/A       13%         1
 Apportation              Tloc           4%         N/A       13%         1
 Corona                   Hex            2%         N/A       13%         1
 Dazzling Flash           Conj/Hex       18%        N/A       22%         3
 Summon Ice Beast         Ice/Summ       16%        N/A       36%         4
 Summon Lightning Spire   Summ/Air       16%        N/A       36%         4
 Fulminant Prism          Conj/Hex       4%         3d6       56%         4
 Iskenderun's Mystic Bla  Conj/Tloc      9%         2d4       56%         4


Dungeon Overview and Level Annotations

Branches:
Dungeon (4/15)
 Temple: D:4-7

Altars:
Zin
Jiyva

Annotations:
D:4 Edmund, Eustachio


Innate Abilities, Weirdness & Mutations

You have a beak for a mouth.
You have claws for feet.
Your magical nature lets you fly swiftly and evasively.


Message History

Edmund barely misses your crimson imp.
Your crimson imp blinks!
Your crimson imp closely misses the bat.
Your crimson imp hits Edmund.
Something completely misses your crimson imp.
Edmund is no longer covered in acid.
The bat barely misses your crimson imp.
Your crimson imp blinks! x2
The bat closely misses your crimson imp.
Your crimson imp hits the bat.
You swap places.
The bat barely misses your crimson imp.
Your crimson imp barely misses Edmund.
Your crimson imp hits the bat.
The bat dies!
The bat's corpse disappears in a puff of smoke!
There is a stone staircase leading up here.
Casting: Call Imp (safe; 1% risk of failure)
Confirm with . or Enter, or press ? or * to list all spells.
A metallic apparition takes form in the air.
Your crimson imp barely misses Edmund.
Your crimson imp blinks!
Your crimson imp disappears in a puff of smoke!
Your crimson imp hits Edmund but does no damage.
What are your orders? t - Shout!
Orders for allies: a - Attack new target. p - Attack previous target. r - Retreat! s - Stop attacking. g - Guard the area. f - Follow me.
Anything else - Cancel.
Gang up on whom?
Press: ? - help, Dir - move target, f/p - Edmund
Aim: Edmund, wielding a +0 dire flail of protection and wearing a +0 chain mail (lightly wounded, ally target) Attack!
The bat hits your crimson imp but does no damage.
Eustachio mumbles some strange words.
Eustachio blinks!
Edmund closely misses you.
You hit Edmund. You burn Edmund.
Edmund is lightly wounded.
The bat hits your crimson imp.
Your crimson imp completely misses Edmund.
Edmund hits you with a +0 dire flail of protection!
You die...

#..........##.##
##########..5r##
#.5.r.. ##.5...
#.##.. #########
###.###.
#.......###.......
#.ยง.b...##.....#..
#@@@5.......####.#
#.55....###.##....
#.......##..#..#.#
#.......##.#......
#####.####........
#... ..#......
#.....##......
##...# #....<. #..#
#......


You could see Edmund (ally target), Eustachio, a bat (summoned, ally target), a
friendly iron imp (summoned) and 2 friendly crimson imps.

Vanquished Creatures
  2 scorpions (D:4)
  An iguana (D:4)
  A hound skeleton (D:4)
  An adder (D:2)
  A worm (D:3)
  3 ball pythons
  5 bats
  A giant cockroach (D:1)
  2 goblins
  2 hobgoblins
  A jackal (D:1)
  3 kobolds
  A rat (D:2)
24 creatures vanquished.

Vanquished Creatures (collateral kills)
  A worm (D:2)
  A dart slug (D:1)
  A giant cockroach (D:1)
  2 hobgoblins
  3 jackals (D:1)
  A kobold (D:1)
  A bat (D:1)
  2 frilled lizards (D:1)
  A rat (D:1)
13 creatures vanquished.

Vanquished Creatures (others)
  4 jellies
  2 adders
  An endoplasm (D:4)
  A bat (D:2)
  4 goblins (D:4)
  A hobgoblin (D:4)
  A ball python (D:1)
  A frilled lizard (D:1)
  2 kobolds (D:2)
  2 plants (D:4)
19 creatures vanquished.

Grand Total: 56 creatures vanquished

Notes
Turn   | Place    | Note
-------+----------+-------------------------------------------
     0 | D:1      | Glokmah the Tengu Summoner began the quest for the Orb.
     0 | D:1      | Reached XP level 1. HP: 10/10 MP: 4/4
   125 | D:1      | Reached skill level 5 in Summonings
   155 | D:1      | Reached XP level 2. HP: 15/16 MP: 1/6
   455 | D:1      | Learned a level 2 spell: Call Imp
   656 | D:1      | Found a faded altar of an unknown god.
   726 | D:1      | Became a worshipper of Jiyva Jurem the Shapeless
   726 | D:1      | Reached * piety under Jiyva
  1174 | D:2      | Learned a level 2 spell: Searing Ray
  1267 | D:2      | Reached ** piety under Jiyva
  1446 | D:2      | Reached skill level 1 in Fighting
  1446 | D:2      | Reached skill level 1 in Conjurations
  1446 | D:2      | Reached XP level 3. HP: 15/20 MP: 3/7
  1603 | D:2      | Found a glowing silver altar of Zin.
  2960 | D:4      | Reached XP level 4. HP: 16/25 MP: 2/8
  2963 | D:4      | Noticed a scorpion
  3081 | D:4      | Killed a scorpion
  3082 | D:4      | Reached skill level 6 in Summonings
  3082 | D:4      | Gained mutation: Your magical nature lets you fly swiftly
                  | and evasively. [Tengu growth]
  3082 | D:4      | Reached XP level 5. HP: 5/30 MP: 1/10
  3083 | D:4      | HP: 1/30 [poisoned by a scorpion]
  3327 | D:4      | Noticed Edmund
  3343 | D:4      | Noticed Eustachio
  3560 | D:4      | Slain by Edmund

Illustrated notes

Levels and vault maps discovered:
D:1:      shiori_arrival_oz, layout_basic, basic_ecumenical_altar
D:2:      layout_loops_ring, kennysheep_flooded_box
D:3:      layout_rooms, mrwooster_statue_mirror, kennysheep_generic_room_8
D:4:      layout_rooms, serial_co_window_serial, co_window_paths_a,
          co_window_of_opportunity_a, co_window_of_opportunity_a,
          co_window_paths_a, co_window_paths_b, co_window_paths_c,
          co_window_paths_c, co_window_2corner, co_window_corner_b,
          co_window_broadway_c, minmay_misc_feat_cross, serial_bayou_crossing,
          uniq_eustachio, uniq_robin, uniq_edmund

Skill      XL: |  1  2  3  4 |
---------------+-------------+-----
Summonings     | 5 6 |  6.1
Fighting       | 1 |  1.7
Conjurations   | 1 2 |  2.8
Dodging        | |  2.1
Stealth        | |  2.0
Spellcasting   | |  2.6

Action                   |  1- 3 |  4- 6 || total
-------------------------+-------+-------++-------
Melee: Unarmed           |     8 |       ||     8
       Kick              |    11 |     5 ||    16
       Peck              |     6 |     3 ||     9
       Dagger            |    21 |       ||    21
       Club              |     6 |       ||     6
       Rapier            |     3 |    12 ||    15
 Cast: Summon Small Mamm |    12 |       ||    12
       Call Imp          |     8 |    13 ||    21
       Searing Ray       |    10 |     6 ||    16
  Use: Potion            |       |     3 ||     3
 Stab: Distracted        |     1 |       ||     1
       Sleeping          |     2 |       ||     2
Armor: Robe              |    14 |       ||    14
Dodge: Dodged            |    32 |    15 ||    47

Table legend: (Time is in decaauts)
 A = Elapsed time spent in this place.
 B = Non-inter-level travel time spent in this place.
 C = Inter-level travel time spent in this place.
 D = Time resting spent in this place.
 E = Time spent auto-exploring this place.
 F = Levels seen in this place.
 G = Mean time per level.
                   A        B        C        D        E       F      G
               +--------+--------+--------+--------+--------+-----+--------+
         Total |   3550 |   3308 |    242 |    172 |   2502 |   4 |  887.5 |
       Dungeon |   3550 |   3308 |    242 |    172 |   2502 |   4 |  887.5 |
               +--------+--------+--------+--------+--------+-----+--------+

Top non-repeatable levels by time:
     D:1: 1220 daAuts
     D:2: 1012 daAuts
     D:4: 732 daAuts
     D:3: 584 daAuts
